 Dungeon Crawl Stone Soup version 0.23.2-33-g5129a83184 (console) character file.

Game seed: 14521068621814785616

2620 FlyingSalmon the Spear-Bearer (level 9, -6/68 HPs)
             Began as a Merfolk Gladiator on July 28, 2019.
             Was a Priest of Zin.
             Mangled by a wolf (8 damage)
             ... led by Grum
             ... on level 7 of the Dungeon.
             The game lasted 00:34:02 (8444 turns).

FlyingSalmon the Spear-Bearer (Merfolk Gladiator)   Turns: 8444, Time: 00:34:02

Health: -6/68      AC:  7    Str: 17    XL:     9   Next: 60%
Magic:  11/11      EV: 14    Int:  8    God:    Zin [***...]
Gold:   319        SH:  0    Dex: 15    Spells: 8/8 levels left

rFire    . . .     SeeInvis .   o - +0 halberd
rCold    . . .     Gourm    .   (shield currently unavailable)
rNeg     . . .     Faith    .   x - +0 ring mail (curse)
rPois    .         Spirit   .   v - +0 helmet
rElec    .         Reflect  .   (no cloak)
rCorr    .         Harm     .   k - +0 pair of gloves (curse)
MR       .....                  (no boots)
Stlth    +.........             j - amulet of the acrobat
HPRegen  0.21/turn              (no ring)
MPRegen  0.12/turn              (no ring)

@: drained
A: change form in water, swift swim, stealthy swim
a: Recite, Vitalisation, Imprison, Donate Gold, Renounce Religion


You were on level 7 of the Dungeon.
You worshipped Zin.
Zin was most pleased with you.
You were not hungry.

You visited 1 branch of the dungeon, and saw 8 of its levels.

You collected 354 gold pieces.
You donated 35 gold pieces to Zin.

Inventory:

Hand Weapons
 a - a +0 trident
 o - a +0 halberd (weapon)
Missiles
 d - 2 throwing nets
 n - 67 stones (quivered)
Armour
 b - a +0 leather armour
 e - a +0 ring mail
 k - a cursed +0 pair of gloves (worn)
 v - a +0 helmet (worn)
 x - a cursed +0 ring mail (worn)
Jewellery
 j - an amulet of the acrobat (around neck)
Scrolls
 p - 2 scrolls of noise
 q - 2 scrolls of enchant weapon {unknown}
 r - 2 scrolls of blinking
 t - a scroll of random uselessness {unknown}
 u - 2 scrolls of teleportation {unknown}
 w - 2 scrolls of immolation {unknown}
 y - a scroll of magic mapping {unknown}
 z - 2 scrolls of remove curse
 A - 2 scrolls of amnesia {unknown}
 C - a scroll of torment {unknown}
 D - a scroll of enchant armour {unknown}
Potions
 c - 2 potions of haste {unknown}
 h - a potion of berserk rage
 i - a potion of lignification
 l - 2 potions of curing
 m - 2 potions of flight
 s - a potion of cancellation {unknown}
 B - a potion of agility
 E - 2 potions of magic
 F - a potion of invisibility {unknown}
 G - a potion of brilliance {unknown}
Comestibles
 f - 11 rations


   Skills:
 + Level 5.4(4.2) Fighting
 + Level 11.7(10.4) Polearms
 + Level 5.1(4.0) Throwing
 + Level 3.4(2.4) Armour
 + Level 7.1(5.9) Dodging
 * Level 3.7(2.6) Invocations


You had 8 spell levels left.
You didn't know any spells.
Your spell library contained the following spells:

 Spells                   Type           Power        Failure   Level  Hunger
 Poison Arrow             Conj/Pois      #.........   100%        6    #######
 Chain Lightning          Conj/Air       #.........   100%        8    #######
 Lehudib's Crystal Spear  Conj/Erth      #.........   100%        8    #######
 Fire Storm               Conj/Fire      #.........   100%        9    #######
 Glaciate                 Conj/Ice       #.........   100%        9    #######


Dungeon Overview and Level Annotations

Branches:
Dungeon (8/15)             Temple (0/1) D:6
   Lair: D:8-11

Altars:
Fedhas
Hepliaklqana
Makhleb
Okawaru
Sif Muna
Trog
Uskayaw
Xom
Zin

Annotations:
D:6 2 transporters, Jabberih's ghost, novice DrFE
D:8 Grum; Joseph


Message History

There is an escape hatch in the floor here.
The wolf completely misses you. The wolf barely misses you.
Grum hits you from afar with a -2 spear!
* * * LOW HITPOINT WARNING * * *
The wolf closely misses you. The wolf misses you. The wolf misses you.
There is an escape hatch in the ceiling here.
The wolf bites you but does no damage. The wolf bites you.
* * * LOW HITPOINT WARNING * * *
Grum hits you from afar with a -2 spear.
* * * LOW HITPOINT WARNING * * *
A mysterious force pulls you upwards. The hatch slams shut behind you.
You are ready to recite again.
You hit the wolf but do no damage.
The wolf is almost dead.
The wolf bites you!
* * * LOW HITPOINT WARNING * * *
The wolf bites you!
You die...

#.#...# #.#.............#
#....
#####+#####.#..#..........#
#.###
#.........#.#..#..........#
#.#..
#.........'....#..........#
#.#.#
#.........#.#..#..........#
#....
#.........#.#..#..........#
###..
#.........#.#..#..........#
###
#.........#...<+.h.....)..#
#.........#.##.#@.........#
#.........####.#..........#
#...[.....# #.........#'##
###########
###.......#.########
#.#####.#......... #.#
#.########## #.# #.# #.#
#.# #.# #.#


You could see a wolf.

Vanquished Creatures
  A hippogriff (D:8)
  Sigmund (D:6)
  Eustachio (D:6)
  A water moccasin (D:8)
  2 sky beasts (D:4)
  2 ice beasts
  2 phantoms
  3 ogres
  A centaur (D:4)
  2 scorpions (D:4)
  A jelly (D:7)
  A howler monkey (D:6)
  4 crimson imps
  A bullfrog skeleton (D:7)
  4 hounds
  An orc priest (D:3)
  5 orc wizards
  A centaur skeleton (D:4)
  Terence (D:2)
  3 worker ants
  A killer bee zombie (D:6)
  A hound zombie (D:6)
  A hound skeleton (D:5)
  14 gnolls
  7 adders
  An adder skeleton (D:4)
  3 worms
  3 dart slugs (D:2)
  7 leopard geckos
  25 orcs
  3 ball pythons
  2 giant cockroaches
  10 goblins
  7 hobgoblins
  12 jackals
  4 quokkas
  13 bats
  4 frilled lizards
  8 kobolds
  A quokka skeleton (D:2)
  12 rats
177 creatures vanquished.

Vanquished Creatures (others)
  A plant (D:6)
1 creature vanquished.

Grand Total: 178 creatures vanquished

Notes
Turn   | Place    | Note
-------+----------+-------------------------------------------
     0 | D:1      | FlyingSalmon the Merfolk Gladiator began the quest for the
                  | Orb.
     0 | D:1      | Reached XP level 1. HP: 16/16 MP: 1/1
   183 | D:1      | Reached XP level 2. HP: 22/22 MP: 2/2
   322 | D:1      | Reached skill level 5 in Polearms
   649 | D:2      | Reached XP level 3. HP: 27/27 MP: 3/3
   905 | D:2      | Found a burning altar of Makhleb.
   916 | D:2      | Found a shimmering altar of Xom.
  1029 | D:2      | Reached XP level 4. HP: 19/34 MP: 4/4
  1239 | D:2      | Reached skill level 6 in Polearms
  1466 | D:2      | Noticed Terence
  1525 | D:2      | Killed Terence
  1525 | D:2      | Reached skill level 5 in Dodging
  1525 | D:2      | Reached XP level 5. HP: 29/39 MP: 5/5
  2292 | D:3      | Reached skill level 1 in Armour
  2512 | D:3      | Reached skill level 7 in Polearms
  3088 | D:3      | Reached XP level 6. HP: 42/47 MP: 6/6
  3395 | D:4      | Found a hazy altar of Hepliaklqana.
  3745 | D:4      | Reached skill level 8 in Polearms
  3762 | D:4      | Reached XP level 7. HP: 50/52 MP: 7/7
  4190 | D:4      | Found a hide-covered altar of Uskayaw.
  4200 | D:4      | Noticed a +0 dagger
  4200 | D:4      | Noticed a +0 dagger
  4376 | D:4      | Reached skill level 9 in Polearms
  4760 | D:4      | Found a deep blue altar of Sif Muna.
  4813 | D:5      | Entered Level 5 of the Dungeon
  4838 | D:4      | Reached XP level 8. HP: 54/60 MP: 8/8
  5047 | D:5      | Reached skill level 10 in Polearms
  5071 | D:5      | Found a glowing silver altar of Zin.
  5079 | D:5      | Became a worshipper of Zin the Law-Giver
  5079 | D:5      | Reached * piety under Zin
  5312 | D:5      | Reached skill level 1 in Invocations
  5448 | D:5      | Found a bloodstained altar of Trog.
  5720 | D:6      | Found a transporter.
  5721 | D:6      | Found a transporter.
  5721 | D:6      | Noticed Jabberih's ghost (novice DrFE)
  5808 | D:6      | Found a staircase to the Ecumenical Temple.
  5808 | D:6      | Found an iron altar of Okawaru.
  5814 | D:6      | Noticed Eustachio
  6194 | D:6      | Killed Eustachio
  6299 | D:6      | Reached XP level 9. HP: 53/67 MP: 10/10
  6382 | D:6      | Noticed Sigmund
  6464 | D:6      | Killed Sigmund
  6464 | D:6      | Reached skill level 5 in Fighting
  6464 | D:6      | Reached skill level 11 in Polearms
  7247 | D:7      | Reached ** piety under Zin
  7309 | D:7      | Found a blossoming altar of Fedhas.
  7772 | D:7      | Reached skill level 5 in Throwing
  8038 | D:8      | Noticed Joseph
  8320 | D:8      | Reached *** piety under Zin
  8403 | D:8      | Noticed Grum
  8444 | D:7      | HP: 2/68 [wolf[Grum] (7)]
  8444 | D:7      | Mangled by a wolf

Skill      XL: |  1  2  3  4  5  6  7  8  9 |
---------------+----------------------------+-----
Polearms       | 5 6 7 8 9 10 11 | 11.7
Dodging        | 5 6 7 |  7.1
Armour         | 1 2 3 |  3.4
Fighting       | 3 4 5 |  5.4
Throwing       | 3 4 5 |  5.1
Invocations    | 2 3 |  3.7

Action                   |  1- 3 |  4- 6 |  7- 9 || total
-------------------------+-------+-------+-------++-------
Melee: Trident           |    84 |    13 |       ||    97
       Halberd           |       |   196 |   352 ||   548
Throw: Stone             |     9 |   107 |   168 ||   284
       Throwing net      |     2 |     2 |       ||     4
Invok: Recite            |       |       |    10 ||    10
  Use: Scroll            |       |     8 |     3 ||    11
       Potion            |       |       |     1 ||     1
 Stab: Sleeping          |     1 |     1 |       ||     2
       Distracted        |       |     1 |       ||     1
       Confused          |       |       |     2 ||     2
  Eat: Chunk             |       |     9 |    10 ||    19
       Ration            |       |       |     2 ||     2
Armor: Leather armour    |    13 |    21 |     2 ||    36
       Ring mail         |       |       |    78 ||    78
       Skin              |       |       |    56 ||    56
Dodge: Dodged            |    44 |   109 |   269 ||   422
